 Dungeon Crawl Stone Soup version 0.18-a0-844-g9229740 (webtiles) character file.

81 JokEr the Insei (level 4, 0/29 HPs)
             Began as an Octopode Transmuter on Dec 18, 2015.
             Slain by an orc wizard
             ... wielding a +0 dagger
              (4 damage)
             ... on level 3 of the Dungeon.
             The game lasted 00:04:28 (3113 turns).

JokEr the Insei (Octopode Transmuter)               Turns: 3113, Time: 00:04:29

Health: 0/29       AC:  1    Str:  9    XL:     4   Next: 40%
Magic:  7/7        EV: 12    Int: 16    God:
Gold:   144        SH:  0    Dex: 12    Spells: 1 memorised, 6 levels left

rFire  x . .     SeeInvis .       - Unarmed
rCold  + . .     Gourm    .     (no shield)
rNeg   . . .     Faith    .     (helmet restricted)
rPois  .         Spirit   .     (no amulet)
rElec  .         Dismiss  .     k - ring of ice
rCorr  .         Reflect  .     (no ring)
SustAt .         Harm     .     (no ring)
MR     .....                    (no ring)
Stlth  ++........               (no ring)
                                (no ring)
                                (no ring)
                                (no ring)

@: not resistant to hostile enchantments, unstealthy
A: almost no armour, amphibious, 8 rings, constrict 8, camouflage 1, gelatinous
body 1
a: no special abilities


You were on level 3 of the Dungeon.
You were not hungry.

You visited 1 branch of the dungeon, and saw 3 of its levels.

You collected 144 gold pieces.

Inventory:

Missiles
 a - 12 arrows
Jewellery
 k - a ring of ice (left tentacle)
Scrolls
 e - 2 scrolls of remove curse
 f - a scroll of identify
 g - a scroll of amnesia
 j - 3 scrolls of teleportation
 o - a scroll of blinking {unknown}
Potions
 i - a potion of might {unknown}
 l - 3 potions of curing {unknown}
 m - a potion of flight {unknown}
 n - 2 potions of invisibility {unknown}
 p - 2 potions of lignification {unknown}
Books
 b - a book of Changes

   Spells                             Type                      Level
   a - Beastly Appendage              Transmutation                1
   b - Sticks to Snakes               Transmutation                2
   c - Spider Form                    Transmutation/Poison         3
   d - Ice Form                       Ice/Transmutation            4
   e - Blade Hands                    Transmutation                5
Comestibles
 c - 2 bread rations
 d - a meat ration
 h - a beef jerky


   Skills:
 + Level 2.0 Fighting
 - Level 2.0 Dodging
 + Level 3.9 Unarmed Combat
 - Level 2.0 Spellcasting
 + Level 3.2 Transmutations


You had 6 spell levels left.
You knew the following spells:

 Your Spells              Type           Power        Failure   Level  Hunger
a - Beastly Appendage     Trmt           ##....       8%          1    #......


Dungeon Overview and Level Annotations

Branches:
Dungeon (3/15)

Altars:


Innate Abilities, Weirdness & Mutations

You cannot wear most types of armour.
You are amphibious.
You can wear up to eight rings at the same time.
You can use your tentacles to constrict eight enemies at once.
Your skin changes colour to match your surroundings (Stealth).
Your rubbery body absorbs attacks (AC +1).


Message History

Something hits you but does no damage.
You miss something. The orc misses you. Something barely misses you.
You closely miss something. The orc closely misses you. Something hits you.
You barely miss something.
Your tentacle spike misses something.
The orc barely misses you. Something hits you.
You barely miss something.
You pierce something.
The orc hits you with a short sword. Something hits you but does no damage.
You closely miss something.
You pierce something.
The orc barely misses you. Something hits you.
You barely miss something. You squeeze something.
Your tentacle spike disappears.
The orc hits you with a short sword.
* * * LOW HITPOINT WARNING * * *
Something hits you but does no damage.
You miss something. The orc barely misses you. Something hits you.
* * * LOW HITPOINT WARNING * * *
You miss something. The orc hits you with a short sword.
* * * LOW HITPOINT WARNING * * *
Something hits you.
You die...

##'# ##### #.# #...
...# #.#
#..#####.#####.#
#..##..........#
#####...#.##.#######
..........##.#
####...####.#
#..#####.#
#.{@.....#
##o####### #o# #.#
#.# #.# #)# #.# #.#


You could see 2 orcs.

Vanquished Creatures
  2 adders
  An ooze (D:2)
  4 worms
  A giant gecko (D:1)
  5 orcs (D:3)
  A ball python (D:1)
  A giant cockroach (D:3)
  3 goblins
  3 hobgoblins
  9 kobolds
  A quokka (D:2)
  5 bats
  A giant newt (D:1)
  10 rats
47 creatures vanquished.

Notes
Turn   | Place    | Note
--------------------------------------------------------------
     0 | D:1      | JokEr the Octopode Transmuter began the quest for the Orb.
     0 | D:1      | Reached XP level 1. HP: 13/13 MP: 3/3
   665 | D:1      | Reached XP level 2. HP: 18/18 MP: 5/5
  1726 | D:2      | Reached XP level 3. HP: 17/23 MP: 4/6
  2505 | D:3      | Reached XP level 4. HP: 22/29 MP: 7/7
  3113 | D:3      | Slain by an orc wizard

Vault maps used:
D:1:      lemuel_arrival_behind_the_door_large, minmay_box_of_dots
D:2:      first_bread

Action                   |  1- 3 |  4- 6 || total
-------------------------+-------+-------++-------
Melee: Unarmed           |    91 |    34 ||   125
 Cast: Beastly Appendage |    13 |     6 ||    19
  Use: Scroll            |     7 |       ||     7
 Stab: Sleeping          |     7 |     1 ||     8
  Eat: Chunk             |     4 |       ||     4
       Bread ration      |     1 |       ||     1
